 Dungeon Crawl Stone Soup version 0.26-a0-660-gc07710193c (webtiles) character file.

Game seed: 4331494015961904826

2768 robertstho the Grappler (level 9, -1/132 HPs)
             Began as a Troll Berserker on Oct 6, 2020.
             Was an Elder of Trog.
             Slain by a wight
             ... wielding a cursed +3 halberd
              (6 damage)
             ... on level 8 of the Dungeon.
             The game lasted 00:07:26 (6264 turns).

robertstho the Grappler (Troll Berserker)           Turns: 6264, Time: 00:07:26

Health: -1/132     AC:  7    Str: 28    XL:     9   Next: 42%
Magic:  8/8        EV: 10    Int:  5    God:    Trog [****..]
Gold:   470        SH:  0    Dex:  9    Spells: 8/8 levels left

rFire    + . .     SeeInvis .   v - +2 hand axe (flame)
rCold    . . .     Faith    .   (no shield)
rNeg     . . .     Spirit   .   a - +1 animal skin
rPois    .         Reflect  .   (helmet restricted)
rElec    .         Harm     .   k - scarf {shadows}
rCorr    .         Rampage  .   (gloves unavailable)
MR       .....                  (boots unavailable)
Stlth    ..........             (no amulet)
HPRegen  0.72/turn              m - ring of protection from fire
MPRegen  0.11/turn              (no ring)

@: berserking, heavily drained, very quick
A: large, unfitting armour, claws 3, regeneration 1, shaggy fur 1, tough skin 3
a: Berserk, Trog's Hand, Brothers in Arms, Renounce Religion


You were on level 8 of the Dungeon.
You worshipped Trog.
Trog was greatly pleased with you.
You visited 1 branch of the dungeon, and saw 8 of its levels.

You collected 470 gold pieces.

Inventory:

Hand Weapons
 o - a +2 quarterstaff of chaos
 q - the +4 flail "Leguronu" {venom, rPois}
   (You found it on level 4 of the Dungeon)

   It poisons the flesh of those it strikes.
   It protects you from poison.
 v - a +2 hand axe of flaming (weapon)
Armour
 a - a +1 animal skin (worn)
 k - a scarf of shadows (worn)
Jewellery
 m - a ring of protection from fire (left claw)
Wands
 s - a wand of random effects (13)
 t - a wand of polymorph (8)
 w - a wand of digging (6)
Scrolls
 d - 5 scrolls of amnesia {unknown}
 e - a scroll of immolation {unknown}
 f - 6 scrolls of teleportation
 h - 2 scrolls of enchant armour
 l - 5 scrolls of blinking {unknown}
 n - 3 scrolls of remove curse {unknown}
 u - a scroll of fear {unknown}
 y - 3 scrolls of identify
Potions
 b - a potion of stabbing
 c - 2 potions of invisibility
 g - 3 potions of curing
 i - a potion of might
 j - a potion of mutation
 p - a potion of cancellation {unknown}
 r - 3 potions of berserk rage {unknown}
 x - a potion of resistance {unknown}
 z - a potion of heal wounds {unknown}


   Skills:
 * Level 5.3(2.6) Fighting
 + Level 2.7(0.8) Axes
 + Level 3.1(1.2) Maces & Flails
 * Level 4.1(1.5) Armour
 + Level 4.8(2.1) Dodging
 + Level 0.2(0.0) Stealth
 * Level 8.1(5.3) Unarmed Combat


You had 8 spell levels left.
You didn't know any spells.
Your spell library was empty.

Dungeon Overview and Level Annotations

Branches:
Dungeon (8/15)             Temple (0/1) D:5
   Lair: D:8-11

Altars:
Cheibriados
Dithmenos
Fedhas
Hepliaklqana
Kikubaaqudgha
Nemelex Xobeh
Sif Muna
Wu Jian

Shops:
D:4 [


Innate Abilities, Weirdness & Mutations

You are too large for most types of armour.
You have claws for hands.
Your natural rate of healing is unusually fast.
You are covered in fur. (AC +1)
You have extremely tough skin. (AC +3)


Message History

You are too injured to fight recklessly!
Unknown command.
You feel a strong urge to attack something.
The wight hits you with a cursed +3 halberd!
* * * LOW HITPOINT WARNING * * *
You feel drained.
* * * LOW HITPOINT WARNING * * *
Found 25 gold pieces.
You slash the wight! You burn the wight.
The wight is almost destroyed.
You hit the wight. You burn the wight. You slash the wight! You burn the wight.
You closely miss the wight. The wight hits you with a +0 spear!
* * * LOW HITPOINT WARNING * * *
You feel drained.
* * * LOW HITPOINT WARNING * * *
The wight hits you but does no damage. The wight hits you with a +0 hand axe!
* * * LOW HITPOINT WARNING * * *
You feel drained.
The wight hits you from afar with a cursed +3 halberd.
You die...

#..# ##.....##
#.# ##...### ..
#.....# #.#
##.....# #..#
#..._..#
#..###........
##..#..........
###.........###..
.....z@##..##
#....z.###..#
##...zz# .>#
#...... #..#
#......# .!
.........
..........
..###.$...


You could see 4 wights.

Vanquished Creatures
  Menkaure (D:5)
  Duvessa (D:5)
  A sky beast (D:7)
  3 ice beasts
  A black bear (D:6)
  3 ogres
  A necrophage (D:5)
  A centaur (D:5)
  2 bullfrogs (D:7)
  Dowan (D:5)
  2 scorpions
  5 killer bees (D:4)
  5 wights
  2 howler monkeys
  A bullfrog zombie (D:7)
  4 hounds
  2 bullfrog skeletons
  5 jellies
  Crazy Yiuf (D:3)
  2 iguanas
  3 orc priests
  Terence (D:3)
  3 worker ants
  A killer bee zombie (D:6)
  A hound zombie (D:4)
  3 gnolls (D:5)
  9 adders
  A white imp (D:4)
  An ufetubus (D:6)
  An ooze (D:3)
  An adder zombie (D:7)
  2 worms
  4 dart slugs
  6 leopard geckos
  15 orcs
  5 bats
  5 giant cockroaches
  6 hobgoblins
  11 jackals
  4 kobolds
  3 quokkas
  3 ball pythons
  2 frilled lizards
  4 goblins
  A jackal skeleton (D:6)
  A leopard gecko skeleton (D:5)
  A leopard gecko zombie (D:5)
  6 rats
148 creatures vanquished.

Notes
Turn   | Place    | Note
-------+----------+-------------------------------------------
     0 | D:1      | robertstho the Troll Berserker began the quest for the Orb.
     0 | D:1      | Reached XP level 1. HP: 22/22 MP: 0/0
   212 | D:1      | Reached XP level 2. HP: 29/29 MP: 1/1
   774 | D:2      | Found a snail-covered altar of Cheibriados.
   803 | D:2      | Found an ancient bone altar of Kikubaaqudgha.
   822 | D:2      | Reached XP level 3. HP: 36/36 MP: 2/2
   899 | D:2      | Reached ** piety under Trog
  1589 | D:3      | Found a sparkling altar of Nemelex Xobeh.
  1639 | D:3      | Noticed an ogre
  1642 | D:3      | Reached skill level 4 in Unarmed Combat
  1642 | D:3      | Reached XP level 4. HP: 44/45 MP: 3/3
  1645 | D:3      | Killed an ogre
  1645 | D:3      | Reached XP level 5. HP: 53/53 MP: 4/4
  1732 | D:3      | Noticed Terence
  1744 | D:3      | Killed Terence
  1764 | D:3      | Reached skill level 1 in Armour
  2155 | D:3      | Found a runed translucent door.
  2156 | D:3      | Noticed Crazy Yiuf
  2276 | D:3      | Found an ornate altar of the Wu Jian Council.
  2372 | D:3      | Killed Crazy Yiuf
  2407 | D:4      | Reached XP level 6. HP: 62/62 MP: 5/5
  2487 | D:4      | Found Mauwn's Armour Emporium.
  2531 | D:4      | Reached skill level 5 in Unarmed Combat
  2861 | D:4      | Got a smoking flail
  2861 | D:4      | Identified the +4 flail "Leguronu" {venom, rPois} (You
                  | found it on level 4 of the Dungeon)
  2940 | D:4      | Reached *** piety under Trog
  2940 | D:4      | Reached skill level 6 in Unarmed Combat
  2940 | D:4      | Reached XP level 7. HP: 51/68 MP: 6/6
  3331 | D:5      | Entered Level 5 of the Dungeon
  3422 | D:5      | Found a blossoming altar of Fedhas.
  3497 | D:5      | Reached skill level 1 in Maces & Flails
  3520 | D:5      | Noticed Menkaure
  3531 | D:5      | Killed Menkaure
  3531 | D:5      | Reached XP level 8. HP: 31/79 MP: 7/7
  3706 | D:5      | Found a staircase to the Ecumenical Temple.
  3870 | D:5      | Reached skill level 7 in Unarmed Combat
  3899 | D:5      | Found a shimmering blue altar of Sif Muna.
  3913 | D:5      | Noticed Duvessa
  3915 | D:5      | Noticed Dowan
  3923 | D:5      | Killed Duvessa
  3929 | D:5      | Killed Dowan
  4709 | D:7      | Reached skill level 1 in Axes
  4917 | D:7      | Reached **** piety under Trog
  4961 | D:7      | Reached XP level 9. HP: 68/87 MP: 8/8
  4986 | D:6      | Reached skill level 5 in Fighting
  5234 | D:6      | Found a hazy altar of Hepliaklqana.
  5351 | D:6      | Reached skill level 8 in Unarmed Combat
  6244 | D:8      | Found a shadowy altar of Dithmenos.
  6263 | D:8      | HP: 4/132 [wight/+0 hand axe (7)]
  6264 | D:8      | Slain by a wight

Illustrated notes

Levels and vault maps discovered:
D:1:      onia_arrival_mini_spirals, layout_basic
D:2:      layout_basic, kiku_gazebo_garden_becter, marbit_many_paths
D:3:      layout_basic, lemuel_round_altar, lemuel_crystal_altar,
          kennysheep_generic_room_2, uniq_crazy_yiuf_cottage, uniq_terence
D:4:      layout_basic, serial_shops, shop_fountains, grunt_ministairs_9
D:5:      layout_loops_ring, old_standard_altar, fedhas_bush_and_centaur_altar,
          minmay_temple_entry_fiery, uniq_duvessa, uniq_menkaure
D:6:      layout_basic, minmay_ruined_shrine
D:7:      layout_loops_corners, serial_glass, glass_columns_a, glass_columns_a
D:8:      layout_layer_cave, okawaru_altar_gauntlet_db, kennysheep_little_box,
          basic_altar, skrybe_limestone_x

Skill      XL: |  1  2  3  4  5  6  7  8  9 |
---------------+----------------------------+-----
Fighting       | 3 4 5 |  5.3
Unarmed Combat | 4 6 7 8 |  8.1
Dodging        | 3 4 |  4.8
Armour         | 1 2 3 4 |  4.1
Maces & Flails | 1 3 |  3.1
Axes           | 1 2 |  2.7
Stealth        | |  0.2

Action                   |  1- 3 |  4- 6 |  7- 9 || total
-------------------------+-------+-------+-------++-------
Melee: Unarmed           |   108 |    89 |    28 ||   225
       Punch             |     1 |     1 |    11 ||    13
       Flail             |       |    12 |    57 ||    69
       Hand axe          |       |       |   172 ||   172
Invok: Berserk           |       |     2 |     6 ||     8
       Trog's Hand       |       |       |     2 ||     2
  Use: Scroll            |       |     4 |     5 ||     9
       Potion            |       |       |     2 ||     2
Armor: Animal skin       |    51 |    28 |   109 ||   188
Dodge: Dodged            |    61 |    47 |   155 ||   263

Table legend: (Time is in decaauts)
 A = Elapsed time spent in this place.
 B = Non-inter-level travel time spent in this place.
 C = Inter-level travel time spent in this place.
 D = Time resting spent in this place.
 E = Time spent auto-exploring this place.
 F = Levels seen in this place.
 G = Mean time per level.
                   A        B        C        D        E       F      G
               +--------+--------+--------+--------+--------+-----+--------+
         Total |   6364 |   6076 |    288 |     84 |   5049 |   8 |  795.5 |
       Dungeon |   6364 |   6076 |    288 |     84 |   5049 |   8 |  795.5 |
               +--------+--------+--------+--------+--------+-----+--------+

Top non-repeatable levels by time:
     D:6: 1019 daAuts
     D:7: 951 daAuts
     D:3: 951 daAuts
     D:4: 944 daAuts
     D:5: 908 daAuts
     D:2: 794 daAuts
     D:1: 667 daAuts
     D:8: 128 daAuts
